 Dungeon Crawl Stone Soup version 0.29-a0-872-g797fff5ad1 (webtiles) character file.

Game seed: 4692001969222737680

46 siradein the Caller (level 3, 0/31 HPs)
             Began as an Ogre Summoner on July 19, 2022.
             Slain by an adder (3 damage)
             ... on level 2 of the Dungeon.
             The game lasted 00:04:13 (1585 turns).

siradein the Caller (Ogre Summoner)                 Turns: 1585, Time: 00:04:14

Health: 0/31       AC:  3    Str: 12    XL:     3   Next: 66%
Magic:  2/7        EV:  9    Int: 18    God:
Gold:   72         SH:  0    Dex:  9    Spells: 2/8 levels left

rFire   . . .      SeeInvis .   c - +0 spear
rCold   . . .      Faith    .   (no shield)
rNeg    . . .      Spirit   .   a - +0 robe
rPois   .          Reflect  .   (helmet restricted)
rElec   .          Harm     .   (no cloak)
rCorr   .          Rampage  .   (gloves unavailable)
Will    .....                   (boots unavailable)
Stlth   +.........              (no amulet)
HPRegen 0.10/turn               (no ring)
MPRegen 0.10/turn               (no ring)

@: no status effects
A: large, unfitting armour, tough skin 1
a: no special abilities


You were on level 2 of the Dungeon.
You visited 1 branch of the dungeon, and saw 3 of its levels.

You collected 72 gold pieces.

Inventory:

Hand Weapons
 c - a +0 spear (weapon)
Armour
 a - a +0 robe (worn)
Scrolls
 d - 2 scrolls of enchant weapon {unknown}
 f - a scroll of identify {unknown}
 h - a scroll of noise {unknown}
 j - a scroll of enchant armour {unknown}
 l - 2 scrolls of teleportation {unknown}
Potions
 b - a potion of magic
 e - a potion of heal wounds {unknown}
 g - 2 potions of curing {unknown}
 i - a potion of lignification {unknown}
 k - a potion of resistance {unknown}


   Skills:
 + Level 1.6 Polearms
 - Level 1.7 Dodging
 - Level 1.4 Stealth
 + Level 3.2 Spellcasting
 + Level 4.0 Summonings


You had 2 spell levels left.
You knew the following spells:

 Your Spells              Type           Power      Damage    Failure   Level
a - Summon Small Mammal   Summ           68%        N/A       3%          1
b - Call Imp              Summ           17%        N/A       4%          2
c - Call Canine Familiar  Summ           17%        N/A       9%          3

Your spell library contained the following spells:

 Spells                   Type           Power      Damage    Failure   Level
 Summon Guardian Golem    Hex/Summ       10%        N/A       21%         3
 Summon Lightning Spire   Summ/Air       10%        N/A       56%         4
 Dispersal                Tloc           1%         N/A       100%        6
 Disjunction              Tloc           1%         N/A       100%        8


Dungeon Overview and Level Annotations

Branches:
Dungeon (3/15)

Altars:

Shops:
D:1 [   D:2 [


Innate Abilities, Weirdness & Mutations

You are too large for most types of armour.
You have tough skin. (AC +1)


Message History

A beastly little devil appears in a puff of flame.
You feel sick.
Your crimson imp disappears in a puff of smoke!
The gnoll closely misses you. The adder bites you.
You feel sick. The adder bites you.
You are more poisoned.
The adder poisons you!
You feel sick.
You feel sick.
Your crimson imp barely misses the adder.
You feel sick. The adder bites you but does no damage.
The adder attacks as you move away! The adder bites you.
* * * LOW HITPOINT WARNING * * *
You feel sick. The adder attacks as you move away! The adder bites you.
* * * LOW HITPOINT WARNING * * *
You feel sick.
You are no longer poisoned.
The adder bites you but does no damage. The adder attacks as you move away!
The adder bites you but does no damage. The adder completely misses you.
The adder bites you but does no damage.
There is a stone staircase leading up here.
The adder bites you but does no damage.
Your crimson imp barely misses the adder.
You climb upwards.
There is a stone staircase leading down here.
Casting: Call Imp (safe; 4% risk of failure)
Confirm with . or Enter, or press ? or * to list all spells.
The spell is quite dangerous to miscast (9% risk of failure)!
Continue anyway?
The adder barely misses you.
You hit the adder.
The adder is lightly wounded.
The adder bites you.
* * * LOW HITPOINT WARNING * * *
The adder bites you but does no damage.
You miss the adder.
The adder is lightly wounded.
Your hound closely misses the adder.
The adder bites you.
You die...

#...........#.###...
##.#.#.##.##>.......#
#..).#.##.####.###...
#..###.##.####.# ###.
#......##......# #.
##.##################.
#...# #########......
###.#.####.......#.##...
#...#.S@##....†.........
#.#####h##.......#.#..##
#...#...##.........#..##
###.#[.###.......###..#.
####....###.......###..#.
#........................
#.##.##.##.#############.
#.##.##.##.# #.
#.##....##.# ##.


You could see an adder (ally target) and a friendly hound (summoned).

Vanquished Creatures
  4 bats
  An endoplasm (D:2)
  A giant cockroach (D:2)
  3 goblins
  A hobgoblin (D:3)
  6 kobolds
  4 ball pythons
  A frilled lizard (D:2)
  3 rats
24 creatures vanquished.

Vanquished Creatures (collateral kills)
  An adder (D:2)
  An endoplasm (D:3)
  A giant cockroach (D:2)
  A hobgoblin (D:1)
  A quokka (D:1)
  5 frilled lizards
  A goblin (D:3)
  3 rats
14 creatures vanquished.

Grand Total: 38 creatures vanquished

Notes
Turn   | Place    | Note
-------+----------+-------------------------------------------
     0 | D:1      | siradein the Ogre Summoner began the quest for the Orb.
     0 | D:1      | Reached XP level 1. HP: 16/16 MP: 3/3
   144 | D:1      | Found Loqenoc's Armour Emporium.
   260 | D:1      | Reached XP level 2. HP: 24/24 MP: 3/5
   263 | D:1      | Learned a level 2 spell: Call Imp
   733 | D:2      | Found Lileih's Antique Armour Shop.
   739 | D:2      | Reached skill level 1 in Polearms
   835 | D:2      | Reached XP level 3. HP: 31/31 MP: 4/7
  1347 | D:2      | Reached skill level 4 in Summonings
  1369 | D:2      | Learned a level 3 spell: Call Canine Familiar
  1585 | D:2      | Slain by an adder

Illustrated notes

Levels and vault maps discovered:
D:1:      dpeg_arrival_shelter, layout_basic, serial_shops, nicolae_shop_trees
D:2:      layout_loops_cross, serial_shops, shop
D:3:      layout_rooms, ebering_ecumenical_altar_petrified, minmay_checkerbox

Skill      XL: |  1  2  3 |
---------------+----------+-----
Polearms       | 1 |  1.6
Spellcasting   | 3 |  3.2
Summonings     | 4 |  4.0
Dodging        | |  1.7
Stealth        | |  1.4

Action                   || total
-------------------------++-------
Melee: Spear             ||    87
       Punch             ||     1
 Cast: Summon Small Mamm ||     5
       Call Imp          ||    19
       Call Canine Famil ||     1
 Stab: Distracted        ||     1
       Sleeping          ||     5
Armor: Robe              ||    31
Dodge: Dodged            ||    33

Table legend: (Time is in decaauts)
 A = Elapsed time spent in this place.
 B = Non-inter-level travel time spent in this place.
 C = Inter-level travel time spent in this place.
 D = Time resting spent in this place.
 E = Time spent auto-exploring this place.
 F = Levels seen in this place.
 G = Mean time per level.
                   A        B        C        D        E       F      G
               +--------+--------+--------+--------+--------+-----+--------+
         Total |   1588 |   1548 |     40 |      0 |   1268 |   3 |  529.3 |
       Dungeon |   1588 |   1548 |     40 |      0 |   1268 |   3 |  529.3 |
               +--------+--------+--------+--------+--------+-----+--------+

Top non-repeatable levels by time:
     D:2: 771 daAuts
     D:1: 621 daAuts
     D:3: 195 daAuts
